 Dungeon Crawl Stone Soup version 0.25-a0-670-g50981ef59b (webtiles) character file.

Game seed: 8363577616552522985, levelgen mode: deterministic

88 sanka the Scratcher (level 4, 19/19 HPs)
             Began as a Felid Wanderer on Mar 29, 2020.
             Quit the game on level 4 of the Dungeon.
             The game lasted 00:06:09 (3498 turns).

sanka the Scratcher (Felid Wanderer)                Turns: 3498, Time: 00:06:09

Health: 19/19      AC:  3    Str:  6    XL:     4   Next: 30%
Magic:  6/6        EV: 25    Int: 17    God:
Gold:   219        SH:  0    Dex: 15    Spells: 3/3 levels left
                                        Lives:  0   Deaths: 1

rFire    . . .     SeeInvis +     - Unarmed
rCold    . . .     Gourm    .   (shield unavailable)
rNeg     . . .     Faith    .   (armour unavailable)
rPois    .         Spirit   .   (helmet unavailable)
rElec    .         Reflect  .   (cloak unavailable)
rCorr    .         Harm     .   (gloves unavailable)
MR       .....                  (boots unavailable)
Stlth    +++.......             (no amulet)
HPRegen  0.06/turn              j - +6 ring of evasion
MPRegen  0.10/turn              l - +2 ring of protection

@: quick
A: very small, no armour, no weapons or thrown items, stealth, claws 1, fangs 3,
see invisible, carnivore, speed 1, shaggy fur 1, slow metabolism 1, sharp paws
a: no special abilities


You were on level 4 of the Dungeon.
You were not hungry.

You visited 1 branch of the dungeon, and saw 4 of its levels.

You collected 219 gold pieces.


Innate Abilities, Weirdness & Mutations

You cannot wear armour.
You are incapable of wielding weapons or throwing items.
Your paws allow you to move quietly. (Stealth)
You have sharp claws.
You have razor-sharp teeth.
You have supernaturally acute eyesight. (SInv)
You are carnivorous and can eat meat at any time.
You cover ground quickly.
You are covered in fur. (AC +1)
You have a slow metabolism.
Your sharp claws are effective at attacking unaware monsters.


   Skills:
 - Level 2.0 Fighting
 + Level 4.4 Dodging
 - Level 2.6 Stealth
 * Level 5.1 Unarmed Combat
 - Level 2.1 Evocations


You had 3 spell levels left.
You didn't know any spells.
Your spell library was empty.

Inventory:

Jewellery
 j - a +6 ring of evasion (left paw)
 k - an uncursed ring of flight
 l - a +2 ring of protection (right paw)
Scrolls
 b - 3 scrolls of teleportation {@r4}
 e - 3 scrolls of remove curse {unknown}
 f - a scroll of enchant weapon {unknown}
 h - 4 scrolls of identify {unknown}
 n - a scroll of fog {unknown}
 p - a scroll of enchant armour {unknown}
Potions
 a - 2 potions of berserk rage {!q}
 c - a potion of curing {@q1}
 g - 2 potions of mutation {unknown}
 i - 2 potions of degeneration {unknown}
 m - 3 potions of brilliance {unknown}
 o - a potion of haste {unknown}
Comestibles
 d - 8 rations
 q - 6 chunks of flesh

Dungeon Overview and Level Annotations

Branches:
Dungeon (4/15)
 Temple: D:4-7

Altars:
Ashenzari
Fedhas
Ru

▒▒▒▒▒▒▒▒
▒▒▒▒▒▒▒▒▒▒▒.......
▒........▒▒.......
▒h.......▒▒.......
▒........▒▒.......
▒........▒▒.......
▒...<....▒▒.......
▒........▒▒.......
▒........▒▒.......
▒........▒▒.......
▒▒▒▒▒▒▒▒........▒▒.....▒▒
▒.....▒▒▒▒▒.▒▒▒▒▒▒.....▒


There were no monsters in sight!


Message History

You kill the rat!
The river rat twitches its whiskers.
The river rat barely misses you.
A rat comes into view.
The river rat misses you.
You scratch the rat.
You kill the rat!
An adder and a rat come into view.
The river rat twitches its whiskers.
The river rat misses you. 3 worms come into view.
You hear the quick rusting of a drain.
Your unstable footing causes you to fumble your attack.
The adder hisses angrily.
The adder bites you.
* * * LOW HITPOINT WARNING * * *
The river rat completely misses you. The adder closely misses you.
An adder and a rat come into view.
The river rat completely misses you. The adder closely misses you.
The adder bites you.
* * * LOW HITPOINT WARNING * * *
The adder bites you.
You die...
The adder barely misses you.
You are now level 4!
You rejoin the land of the living...
Unknown command.
Are you sure you want to abandon this character and quit the game? (Confirm with "yes".)

Action                   |  1- 3 |  4- 6 || total
-------------------------+-------+-------++-------
Melee: Unarmed           |   142 |    56 ||   198
       Bite              |     8 |     2 ||    10
       Punch             |     1 |       ||     1
 Stab: Sleeping          |    10 |     4 ||    14
  Eat: Chunk             |    11 |     1 ||    12
Armor: Skin              |     5 |     3 ||     8
Dodge: Dodged            |   111 |    48 ||   159

Levels and vault maps discovered:
D:1:      sevenhm_arrival_forest_fort_large_1, layout_rooms
D:2:      layout_loops_cross, nicolae_ru_awakened_eye, evilmike_ruin_ashenzari,
          first_ration, hangedman_abyss_or_decor_stabs
D:3:      layout_basic, minmay_misc_feat_alley, grunt_ministairs_3,
          fedhas_altar_1
D:4:      layout_basic, lightli_sewer_entry_pipes, kennysheep_generic_room_15

Notes
Turn   | Place    | Note
-------+----------+-------------------------------------------
     0 | D:1      | sanka the Felid Wanderer began the quest for the Orb.
     0 | D:1      | sanka set off with the following items: 2 potions of
                  | berserk rage {!q}, a scroll of teleportation {@r4}, a
                  | potion of curing {@q1}, a ration
     0 | D:1      | Reached XP level 1. HP: 9/9 MP: 3/3
   420 | D:1      | Reached XP level 2. HP: 12/13 MP: 4/4
   839 | D:2      | Found a sacrificial altar of Ru.
   989 | D:2      | Reached skill level 2 in Dodging
   989 | D:2      | Reached skill level 4 in Unarmed Combat
   989 | D:2      | Reached XP level 3. HP: 5/16 MP: 5/5
  1060 | D:2      | HP: 1/16 [worm (8)]
  1417 | D:2      | Found a shattered altar of Ashenzari.
  2620 | D:3      | Found a blossoming altar of Fedhas.
  2635 | D:3      | Reached skill level 3 in Dodging
  2651 | D:3      | Reached XP level 4. HP: 19/19 MP: 6/6
  3282 | D:4      | Noticed an ogre
  3293 | D:4      | Killed an ogre
  3293 | D:4      | Reached skill level 4 in Dodging
  3293 | D:4      | Reached skill level 5 in Unarmed Combat
  3293 | D:4      | Reached XP level 5. HP: 21/22 MP: 7/7
  3497 | D:4      | HP: 2/22 [adder (2)]
  3497 | D:4      | Slain by an adder
  3498 | D:4      | Reached XP level 4. HP: -1/19 MP: 6/6
  3498 | D:4      | Quit the game

Vanquished Creatures
  An ogre (D:4)
  3 adders
  2 worms
  2 dart slugs (D:2)
  A leopard gecko (D:3)
  3 orcs (D:3)
  4 ball pythons (D:1)
  A giant cockroach (D:2)
  2 goblins
  3 hobgoblins
  6 jackals
  4 kobolds
  3 quokkas (D:3)
  11 bats
  3 frilled lizards
  7 rats
56 creatures vanquished.
